TOP OF THE 1ST |
---|
Overland Park HS Triplets batting - Pitching for Buchanan HS : RHP Andre Sullivan | Pitching: RHP Andre Sullivan | | Batting: LHB Esteban Pérez | 0-0: Foul Ball, location: 2F 0-1: Ball 1-1: Called Strike 1-2: Fly out, F4 (Line Drive, 4MD) | Batting: LHB José Mendoza | 0-0: Ball 1-0: Foul Ball, location: 2F 1-1: Foul Ball, location: 2F 1-2: Ball 2-2: Strikes out swinging | Batting: RHB Emery Cooper | 0-0: Ground out 4-3 (Groundball, 4) | Top of the 1st over - 0 runs, 0 hits, 0 errors, 0 left on base; Overland Park HS 0 - Buchanan HS 0 | BOTTOM OF THE 1ST |
---|
Buchanan HS batting - Pitching for Overland Park HS Triplets : LHP Geoff Weber | Pitching: LHP Geoff Weber | | Batting: RHB Richard Franco | 0-0: Ball 1-0: Foul Ball, location: 2F 1-1: Called Strike 1-2: Ball 2-2: Fly out, F4 (Popup, 4M) | Batting: RHB Tom Ross | 0-0: Ball 1-0: Ball 2-0: Foul Ball, location: 2F 2-1: Called Strike 2-2: Ball 3-2: Ground out 6-3 (Groundball, 6) | Batting: RHB Anthony Moore | 0-0: Called Strike 0-1: Swinging Strike 0-2: Foul Ball, location: 2F 0-2: Ground out 6-3 (Groundball, 56) | Bottom of the 1st over - 0 runs, 0 hits, 0 errors, 0 left on base; Overland Park HS 0 - Buchanan HS 0 | TOP OF THE 2ND |
---|
Overland Park HS Triplets batting - Pitching for Buchanan HS : RHP Andre Sullivan | Batting: RHB Alex Moran | 0-0: Called Strike 0-1: Called Strike 0-2: Strikes out looking | Batting: RHB Pablo Quintanilla | 0-0: Ball 1-0: Foul Ball, location: 2F 1-1: Ball 2-1: Ball 3-1: Foul Ball, location: 2F 3-2: Fly out, F8 (Line Drive, 8LD) | Batting: RHB Eddie Stanton | 0-0: Called Strike 0-1: SINGLE (Groundball, 4MD) | Batting: RHB Al Kelly | 0-0: Ball 1-0: Ball 2-0: Ball 3-0: Called Strike 3-1: Foul Ball, location: 2F 3-2: Fly out, F4 (Line Drive, 4) | Top of the 2nd over - 0 runs, 1 hit, 0 errors, 1 left on base; Overland Park HS 0 - Buchanan HS 0 | BOTTOM OF THE 2ND |
---|
Buchanan HS batting - Pitching for Overland Park HS Triplets : LHP Geoff Weber | Batting: SHB Chad MacGregor | 0-0: Called Strike 0-1: Foul Ball, location: 2F 0-2: Fly out, F9 (Flyball, 89M) | Batting: LHB Franklin Jackson | 0-0: Reached on error, E4 (Groundball, 4M) | Batting: LHB Edgar Cameron | 0-0: Foul Ball, location: 2F 0-1: Ball 1-1: Ball 2-1: Foul Ball, location: 2F 2-2: Ball 3-2: Foul Ball, location: 2F 3-2: Base on Balls Franklin Jackson to second | Batting: LHB José Martínez | 0-0: Ball 1-0: Called Strike 1-1: Swinging Strike 1-2: SINGLE (Flyball, 7) Franklin Jackson to third Edgar Cameron to second Throwing error, E7 Franklin Jackson scores Edgar Cameron to third José Martínez to second | Batting: LHB David Guillén | 0-0: Foul Ball, location: 2F 0-1: Foul Ball, location: 2F 0-2: Ball 1-2: Ball 2-2: Strikes out swinging | Batting: RHB Len Valadez | 0-0: Ball 1-0: Foul Ball, location: 2F 1-1: Foul Ball, location: 2F 1-2: Foul Ball, location: 2F 1-2: Foul Ball, location: 2F 1-2: Foul Ball, location: 2F 1-2: Strikes out swinging | Bottom of the 2nd over - 1 run, 1 hit, 2 errors, 2 left on base; Overland Park HS 0 - Buchanan HS 1 | TOP OF THE 3RD |
---|
Overland Park HS Triplets batting - Pitching for Buchanan HS : RHP Andre Sullivan | Batting: SHB John Hansen | 0-0: Swinging Strike 0-1: Ball 1-1: Ball 2-1: Foul Ball, location: 2F 2-2: Strikes out swinging, 2-3 out at first. | Batting: RHB Paco Tapia | 0-0: Ball 1-0: Ball 2-0: Ball 3-0: Base on Balls | Batting: LHB Esteban Pérez | 0-0: Swinging Strike 0-1: Called Strike 0-2: Ball 1-2: Foul Ball, location: 2F 1-2: Strikes out swinging | Batting: LHB José Mendoza | 0-0: Ball 1-0: Foul Ball, location: 2F 1-1: Hit by Pitch Paco Tapia to second | Batting: RHB Emery Cooper | 0-0: Ball 1-0: Swinging Strike 1-1: Fielders Choice at 2nd, 6-4 (Groundball, 56) | Top of the 3rd over - 0 runs, 0 hits, 0 errors, 2 left on base; Overland Park HS 0 - Buchanan HS 1 | BOTTOM OF THE 3RD |
---|
Buchanan HS batting - Pitching for Overland Park HS Triplets : LHP Geoff Weber | Batting: RHB Richard Franco | 0-0: Called Strike 0-1: Ball 1-1: SINGLE (Flyball, 9LS) | Batting: RHB Tom Ross | 0-0: Ball 1-0: Foul Ball, location: 2F 1-1: Foul Ball, location: 2F 1-2: Strikes out swinging Richard Franco steals 2nd base Batter strikes out. | Batting: RHB Anthony Moore | 0-0: Ball 1-0: DOUBLE (Line Drive, 7D) Richard Franco scores | Batting: SHB Chad MacGregor | 0-0: Called Strike 0-1: Ground out 3-1 (Groundball, 34) Anthony Moore to third | Batting: LHB Franklin Jackson | 0-0: Ball 1-0: Called Strike 1-1: Fly out, F8 (Flyball, 78D) | Bottom of the 3rd over - 1 run, 2 hits, 0 errors, 1 left on base; Overland Park HS 0 - Buchanan HS 2 | TOP OF THE 4TH |
---|
Overland Park HS Triplets batting - Pitching for Buchanan HS : RHP Andre Sullivan | Batting: RHB Alex Moran | 0-0: Ball 1-0: Foul Ball, location: 2F 1-1: Ball 2-1: Called Strike 2-2: Fly out, F9 (Flyball, 89M) | Batting: RHB Pablo Quintanilla | 0-0: Called Strike 0-1: Fly out, F3 (Popup, 34S) | Batting: RHB Eddie Stanton | 0-0: Ball 1-0: Ball 2-0: Ball 3-0: Called Strike 3-1: Base on Balls | Batting: RHB Al Kelly | 0-0: Called Strike 0-1: DOUBLE (Groundball, 5L) Eddie Stanton to third | Batting: SHB John Hansen | 0-0: Fly out, F8 (Flyball, 8LS) | Top of the 4th over - 0 runs, 1 hit, 0 errors, 2 left on base; Overland Park HS 0 - Buchanan HS 2 | BOTTOM OF THE 4TH |
---|
Buchanan HS batting - Pitching for Overland Park HS Triplets : RHP Don White | Pitching: RHP Don White | | Batting: LHB Edgar Cameron | 0-0: Ball 1-0: Ball 2-0: Ball 3-0: Called Strike 3-1: Foul Ball, location: 2F 3-2: Base on Balls | Batting: LHB José Martínez | 0-0: Swinging Strike 0-1: Ball 1-1: Ball 2-1: Ball 3-1: Swinging Strike 3-2: Strikes out looking | Batting: LHB David Guillén | 0-0: Ball 1-0: Called Strike 1-1: Foul Ball, location: 2F 1-2: Ground out 3-1 (Groundball, 34S) Edgar Cameron to second | Batting: RHB Len Valadez | 0-0: Called Strike 0-1: Ball 1-1: Ball 2-1: Ball 3-1: Base on Balls | Batting: RHB Richard Franco | 0-0: Foul Ball, location: 2F 0-1: Ball 1-1: Foul Ball, location: 2F 1-2: Ball 2-2: Ball 3-2: Ground out 5-3 (Groundball, 56S) | Bottom of the 4th over - 0 runs, 0 hits, 0 errors, 2 left on base; Overland Park HS 0 - Buchanan HS 2 | TOP OF THE 5TH |
---|
Overland Park HS Triplets batting - Pitching for Buchanan HS : RHP Andre Sullivan | Batting: RHB Paco Tapia | 0-0: Ball 1-0: Fly out, F8 (Flyball, 8LD) | Batting: LHB Esteban Pérez | 0-0: Ball 1-0: Swinging Strike 1-1: Swinging Strike 1-2: Ball 2-2: Ball 3-2: Strikes out looking | Batting: LHB José Mendoza | 0-0: SINGLE (Flyball, 78S) | Batting: RHB Emery Cooper | 0-0: Ball 1-0: Swinging Strike 1-1: Ball 2-1: Ball 3-1: Fly out, F4 (Popup, 4S) | Top of the 5th over - 0 runs, 1 hit, 0 errors, 1 left on base; Overland Park HS 0 - Buchanan HS 2 | BOTTOM OF THE 5TH |
---|
Buchanan HS batting - Pitching for Overland Park HS Triplets : RHP Don White | Batting: RHB Tom Ross | 0-0: Ball 1-0: Called Strike 1-1: Swinging Strike 1-2: Strikes out swinging | Batting: RHB Anthony Moore | 0-0: Swinging Strike 0-1: Ball 1-1: Foul Ball, location: 2F 1-2: Ball 2-2: Strikes out swinging | Batting: SHB Chad MacGregor | 0-0: Ball 1-0: Ball 2-0: Called Strike 2-1: Foul Ball, location: 2F 2-2: Strikes out looking | Bottom of the 5th over - 0 runs, 0 hits, 0 errors, 0 left on base; Overland Park HS 0 - Buchanan HS 2 | TOP OF THE 6TH |
---|
Overland Park HS Triplets batting - Pitching for Buchanan HS : RHP Andre Sullivan | Batting: RHB Alex Moran | 0-0: Ball 1-0: Foul Ball, location: 2F 1-1: Ball 2-1: Foul Ball, location: 2F 2-2: Foul Ball, location: 2F 2-2: Foul Ball, location: 2F 2-2: Strikes out swinging | Pitching: RHP Richard Anthony | | Batting: RHB Pablo Quintanilla | 0-0: Ball 1-0: Ball 2-0: Ground out U3 (Groundball, 34) | Batting: RHB Eddie Stanton | 0-0: Fly out, F7 (Flyball, 7LSF) | Top of the 6th over - 0 runs, 0 hits, 0 errors, 0 left on base; Overland Park HS 0 - Buchanan HS 2 | BOTTOM OF THE 6TH |
---|
Buchanan HS batting - Pitching for Overland Park HS Triplets : RHP Don White | Batting: LHB Franklin Jackson | 0-0: Called Strike 0-1: Ball 1-1: Foul Ball, location: 2F 1-2: Strikes out swinging | Batting: LHB Edgar Cameron | 0-0: Ball 1-0: Foul Ball, location: 2F 1-1: Fly out, F5 (Line Drive, 5) | Batting: LHB José Martínez | 0-0: Ball 1-0: Called Strike 1-1: Swinging Strike 1-2: Foul Ball, location: 2F 1-2: Strikes out swinging | Bottom of the 6th over - 0 runs, 0 hits, 0 errors, 0 left on base; Overland Park HS 0 - Buchanan HS 2 | TOP OF THE 7TH |
---|
Overland Park HS Triplets batting - Pitching for Buchanan HS : RHP Richard Anthony | Batting: RHB Al Kelly | 0-0: Called Strike 0-1: Fly out, F3 (Popup, 3SF) | Batting: SHB John Hansen | 0-0: Ball 1-0: Swinging Strike 1-1: Foul Ball, location: 2F 1-2: Foul Ball, location: 2F 1-2: Foul Ball, location: 2F 1-2: Ball 2-2: Strikes out swinging | Batting: RHB Paco Tapia | 0-0: Ground out 6-3 (Groundball, 6S) | Top of the 7th over - 0 runs, 0 hits, 0 errors, 0 left on base; Overland Park HS 0 - Buchanan HS 2 | BOTTOM OF THE 7TH |
---|
Buchanan HS batting - Pitching for Overland Park HS Triplets : RHP Don White | Pitching: LHP Carl Orr | | Batting: LHB David Guillén | 0-0: Ball 1-0: Foul Ball, location: 2F 1-1: Ball 2-1: Swinging Strike 2-2: Strikes out swinging | Pitching: RHP James Rivers | | Batting: RHB Len Valadez | 0-0: Called Strike 0-1: Foul Ball, location: 2F 0-2: Ball 1-2: Ball 2-2: Ball 3-2: Base on Balls | Batting: RHB Richard Franco | 0-0: Ball 1-0: Swinging Strike 1-1: Ball 2-1: Ball 3-1: Base on Balls Len Valadez to second | Batting: RHB Tom Ross | 0-0: Ball 1-0: Fly out, F7 (Flyball, 7LSF) | Batting: RHB Anthony Moore | 0-0: Ball 1-0: Swinging Strike 1-1: Foul Ball, location: 2F 1-2: Foul Ball, location: 2F 1-2: Foul Ball, location: 2F 1-2: Strikes out looking | Bottom of the 7th over - 0 runs, 0 hits, 0 errors, 2 left on base; Overland Park HS 0 - Buchanan HS 2 | TOP OF THE 8TH |
---|
Overland Park HS Triplets batting - Pitching for Buchanan HS : RHP Richard Anthony | Pitching: LHP Lawrence Edmonds | | Batting: LHB Esteban Pérez | 0-0: Called Strike 0-1: Foul Ball, location: 2F 0-2: Strikes out looking | Batting: LHB José Mendoza | 0-0: Swinging Strike 0-1: Foul Ball, location: 2F 0-2: Strikes out swinging | Pitching: RHP Rusty Silva | | Batting: RHB Emery Cooper | 0-0: Called Strike 0-1: Foul Ball, location: 2F 0-2: Foul Ball, location: 2F 0-2: Ball 1-2: Foul Ball, location: 2F 1-2: Fly out, F7 (Flyball, 78S) | Top of the 8th over - 0 runs, 0 hits, 0 errors, 0 left on base; Overland Park HS 0 - Buchanan HS 2 | BOTTOM OF THE 8TH |
---|
Buchanan HS batting - Pitching for Overland Park HS Triplets : RHP James Rivers | Batting: SHB Chad MacGregor | 0-0: Called Strike 0-1: Ball 1-1: Ball 2-1: Swinging Strike 2-2: Foul Ball, location: 2F 2-2: SOLO HOME RUN (Flyball, 89XD), Distance : 407 ft | Batting: LHB Franklin Jackson | 0-0: Ball 1-0: Called Strike 1-1: Foul Ball, location: 2F 1-2: Ground out 5-3 (Groundball, 56) | Batting: LHB Edgar Cameron | 0-0: Ball 1-0: SINGLE (Groundball, 56D) | Batting: LHB José Martínez | 0-0: Called Strike 0-1: Called Strike 0-2: Ball 1-2: Reached on error, E1 (Groundball, 13) Edgar Cameron to second | Batting: LHB David Guillén | 0-0: Called Strike 0-1: Ball 1-1: Swinging Strike 1-2: SINGLE (Flyball, 7LS) Edgar Cameron to third José Martínez to second Throwing error, E7 Edgar Cameron scores José Martínez to third David Guillén to second | Batting: RHB Len Valadez | 0-0: Ball 1-0: Foul Ball, location: 2F 1-1: Ball 2-1: Foul Ball, location: 2F 2-2: Ball 3-2: Base on Balls | Pitching: RHP Clint Smith | | Batting: RHB Richard Franco | 0-0: Grounds into fielders choice 6-2 (Groundball, 6) David Guillén to third Len Valadez to second | Batting: RHB Tom Ross | 0-0: Called Strike 0-1: Called Strike 0-2: Strikes out looking | Bottom of the 8th over - 2 runs, 3 hits, 2 errors, 3 left on base; Overland Park HS 0 - Buchanan HS 4 | TOP OF THE 9TH |
---|
Overland Park HS Triplets batting - Pitching for Buchanan HS : RHP Rusty Silva | Batting: RHB Alex Moran | 0-0: Ball 1-0: Foul Ball, location: 2F 1-1: Swinging Strike 1-2: Strikes out swinging | Batting: RHB Pablo Quintanilla | 0-0: Fly out, F1 (Line Drive, 15S) | Batting: RHB Eddie Stanton | 0-0: Ball 1-0: Called Strike 1-1: Reached on error, E1 (Groundball, 15) | Batting: RHB Al Kelly | 0-0: Called Strike 0-1: Swinging Strike 0-2: Ball 1-2: Foul Ball, location: 2F 1-2: Ball 2-2: Strikes out looking | Top of the 9th over - 0 runs, 0 hits, 1 error, 1 left on base; Overland Park HS 0 - Buchanan HS 4 | |